 Dungeon Crawl Stone Soup version 0.24-a0-251-g44e327e (webtiles) character file.

Game seed: 7500975147441341866

823 emperorscorpion the Conjurer (level 7, -2/37 HPs)
             Began as a Deep Elf Conjurer on Apr 15, 2019.
             Was a Priest of Uskayaw.
             Slain by an ogre
             ... wielding a +0 giant club
              (15 damage)
             ... on level 4 of the Dungeon on Apr 16, 2019.
             The game lasted 00:10:54 (5382 turns).

emperorscorpion the Conjurer (Deep Elf Conjurer)    Turns: 5382, Time: 00:10:54

Health: -2/37      AC:  3    Str:  5    XL:     7   Next: 63%
Magic:  2/20       EV: 13    Int: 22    God:    Uskayaw [***...]
Gold:   211        SH:  0    Dex: 15    Spells: 13/21 levels left

rFire    + . .     SeeInvis .   a - +5 war axe "Ultimatum" {venom, rPois rF+ Stlth-}
rCold    . . .     Gourm    .   (no shield)
rNeg     . . .     Faith    .   d - +1 robe
rPois    +         Spirit   .   (no helmet)
rElec    .         Reflect  .   (no cloak)
rCorr    .         Harm     .   (no gloves)
MR       .....                  (no boots)
Stlth    +.........             (no amulet)
HPRegen  0.12/turn              (no ring)
MPRegen  0.17/turn              (no ring)

@: no status effects
A: no striking features
a: Stomp, Line Pass, Renounce Religion


You were on level 4 of the Dungeon.
You worshipped Uskayaw.
Uskayaw was noncommittal.
You were hungry.

You visited 1 branch of the dungeon, and saw 5 of its levels.

You collected 211 gold pieces.

Inventory:

Hand Weapons
 a - the +5 war axe "Ultimatum" (weapon) {venom, rPois rF+ Stlth-}
   (You found it on level 4 of the Dungeon)

   It poisons the flesh of those it strikes.
   It protects you from fire.
   It protects you from poison.
   It makes you less stealthy.
 b - a +0 hand axe of electrocution
 q - a +0 dagger of draining
 v - a +0 spear
Missiles
 g - 4 tomahawks (quivered)
 l - 12 poisoned needles
 u - 4 steel tomahawks
Armour
 d - a +1 robe (worn)
Wands
 r - a wand of iceblast (8)
 s - a wand of enslavement (11)
Scrolls
 e - 4 scrolls of magic mapping
 f - a scroll of blinking {unknown}
 h - 5 scrolls of identify
 j - 2 scrolls of teleportation
 n - a scroll of amnesia {unknown}
 t - 2 scrolls of enchant weapon {unknown}
 x - a scroll of remove curse
Potions
 i - a potion of lignification
 k - 2 potions of degeneration
 m - a potion of curing {unknown}
 o - a potion of magic
 p - 2 potions of haste
 z - a potion of flight {unknown}
Comestibles
 c - 5 rations


   Skills:
 + Level 0.7 Fighting
 + Level 1.3 Polearms
 + Level 3.1 Dodging
 + Level 3.4 Stealth
 + Level 7.5 Spellcasting
 + Level 7.7 Conjurations


You had 13 spell levels left.
You knew the following spells:

 Your Spells              Type           Power        Failure   Level  Hunger
a - Magic Dart            Conj           ####         1%          1    None
b - Iskenderun's Mystic   Conj           #####...     3%          4    ###....
r - Regeneration          Chrm/Necr      #.........   24%         3    None

Your spell library contained the following spells:

 Spells                   Type           Power        Failure   Level  Hunger
 Searing Ray              Conj           #####.       1%          2    None
 Dazzling Spray           Conj/Hex       ####..       4%          3    None
 Animate Skeleton         Necr           N/A          8%          1    None
 Pain                     Necr           #...         8%          1    None
 Force Lance              Conj/Tloc      ####....     16%         4    ###....
 Fulminant Prism          Conj/Hex       ####......   16%         4    ###....
 Vampiric Draining        Necr           #.........   24%         3    None
 Animate Dead             Necr           N/A          61%         4    ###....


Dungeon Overview and Level Annotations

Branches:
Dungeon (5/15)
 Temple: D:4-7

Altars:
Gozag
Kikubaaqudgha
Okawaru
Qazlal
Ru
Uskayaw
Xom


Message History

An orc comes into view. It is wielding a +0 mace.
There is a stone staircase leading up here.
You slash the orc priest!
You kill the orc priest!
The ogre hits you with a +0 giant club!!
Ouch! That really hurt!
You climb upwards.
There is a stone staircase leading down here.
Casting: Iskenderun's Mystic Blast (safe; 3% risk of failure)
Confirm with . or Enter, or press ? or * to list all spells.
Aiming: Iskenderun's Mystic Blast (safe; 3% risk of failure)
Press: ? - help, Shift-Dir - straight line, f - ogre
Aim: an ogre, wielding a +0 giant club The orb of energy hits the ogre!
The ogre is heavily wounded.
Uskayaw will force your foes to helplessly watch your dance.
You slash the ogre!
The ogre is poisoned.
The ogre is almost dead.
The ogre hits you with a +0 giant club. The ogre hits you with a +0 giant club!
You die...

#......#.##...............##
##.#.###.##.......[[...#####
#.#..##.##.......#.#.##
#.##.##.##.>.....).#.####
#.##.##.##.####.##...##.##
#.......##.###...#####...##
####...........8.......8...
#######O###...#####...#.
#@####.## ##.##. #....#.#
#.### ######.# #.#.< #.#
#.#.# ##.## ##.##.
##...#####...#.
#..8.......8...
##...#####...#. ##.## ##.##.


You could see an ogre.

Vanquished Creatures
  Sigmund (D:4)
  A scorpion (D:4)
  A hound (D:4)
  A gnoll shaman (D:5)
  3 orc priests
  Natasha (D:3)
  3 orc wizards
  Ijyb (D:4)
  Terence (D:2)
  2 worker ants (D:4)
  Robin (D:2)
  5 gnolls
  8 adders
  2 oozes
  An adder skeleton (D:3)
  5 worms
  4 dart slugs
  4 leopard geckos
  11 orcs
  A giant cockroach (D:2)
  14 goblins
  7 hobgoblins
  4 jackals (D:4)
  3 ball pythons
  6 bats
  6 frilled lizards
  9 kobolds
  A leopard gecko skeleton (D:4)
  9 rats
116 creatures vanquished.

Vanquished Creatures (others)
  5 toadstools (D:1)
5 creatures vanquished.

Grand Total: 121 creatures vanquished

Notes
Turn   | Place    | Note
-------+----------+-------------------------------------------
     0 | D:1      | emperorscorpion the Deep Elf Conjurer began the quest for
                  | the Orb.
     0 | D:1      | Reached XP level 1. HP: 10/10 MP: 6/6
   373 | D:1      | Reached XP level 2. HP: 15/15 MP: 5/8
   807 | D:2      | Reached skill level 5 in Conjurations
   841 | D:2      | Found an opulent altar of Gozag.
   878 | D:2      | Reached XP level 3. HP: 19/19 MP: 6/9
  1181 | D:2      | Found an ancient bone altar of Kikubaaqudgha.
  1293 | D:2      | Noticed Terence
  1304 | D:2      | Killed Terence
  1304 | D:2      | Reached XP level 4. HP: 20/24 MP: 0/12
  1310 | D:2      | Learned a level 4 spell: Iskenderun's Mystic Blast
  1468 | D:2      | Noticed Robin
  1853 | D:2      | Killed Robin
  2126 | D:2      | Found a sacrificial altar of Ru.
  2128 | D:2      | Reached XP level 5. HP: 28/28 MP: 8/13
  2642 | D:3      | Reached skill level 5 in Spellcasting
  2939 | D:3      | Found a shimmering altar of Xom.
  3219 | D:3      | Noticed Natasha
  3222 | D:3      | Killed Natasha
  3222 | D:3      | Reached XP level 6. HP: 26/32 MP: 10/15
  3475 | D:3      | Found a hide-covered altar of Uskayaw.
  3486 | D:3      | Became a worshipper of Uskayaw the Reveler
  3532 | D:3      | Reached * piety under Uskayaw
  3876 | D:4      | Noticed Ijyb
  3880 | D:4      | Reached ** piety under Uskayaw
  3884 | D:4      | Killed Ijyb
  4203 | D:4      | Upgraded the game from 0.24-a0-250-g6074511 to
                  | 0.24-a0-251-g44e327e
  4672 | D:4      | Found an iron altar of Okawaru.
  4697 | D:4      | Got a translucent war axe
  4698 | D:4      | Identified the +5 war axe "Ultimatum" {venom, rPois rF+
                  | Stlth-} (You found it on level 4 of the Dungeon)
  4872 | D:4      | Reached skill level 1 in Polearms
  4872 | D:4      | Reached XP level 7. HP: 28/37 MP: 5/18
  5100 | D:4      | Noticed Sigmund
  5102 | D:4      | Killed Sigmund
  5187 | D:4      | Found a stormy altar of Qazlal.
  5290 | D:4      | Learned a level 3 spell: Regeneration
  5365 | D:5      | Entered Level 5 of the Dungeon
  5370 | D:5      | Reached *** piety under Uskayaw
  5382 | D:4      | Slain by an ogre

Levels and vault maps discovered:
D:1:      ldierk_walled_garden, layout_loops_cross
D:2:      layout_rooms, kiku_gazebo_garden_becter, old_standard_altar,
          nicolae_ru_great_annihilating_truth, uniq_robin, uniq_terence
D:3:      layout_loops_cross, eat_drink_and_be_merry_uskayaw, xom_teletrap_fun,
          uniq_natasha
D:4:      layout_loops_cross, kennysheep_mini, nicolae_overflow_crystal_walls,
          minmay_misc_feat_tower, solitary_fountain, grunt_ministairs_10,
          uniq_sigmund, uniq_ijyb
D:5:      layout_cave_pools, tso_altar, old_standard_altar, serial_rivers,
          chequers_serial_rivers_small_3, chequers_serial_rivers_large_a,
          chequers_serial_rivers_room_a, chequers_serial_rivers_small_a,
          chequers_serial_rivers_micro_b, first_ration

Skill      XL: |  1  2  3  4  5  6  7 |
---------------+----------------------+-----
Conjurations   | 5 6 7 |  7.7
Spellcasting   | 4 5 6 7 |  7.5
Stealth        | 3 |  3.4
Polearms       | 1 |  1.3
Dodging        | 3 |  3.1
Fighting       | |  0.7

Action                   |  1- 3 |  4- 6 |  7- 9 || total
-------------------------+-------+-------+-------++-------
Melee: Spear             |       |    51 |       ||    51
       War axe           |       |       |     2 ||     2
Throw: Tomahawk          |       |       |     1 ||     1
 Cast: Magic Dart        |    78 |    47 |       ||   125
       Iskenderun's Myst |       |    59 |    12 ||    71
  Use: Scroll            |       |     9 |       ||     9
       Potion            |       |     4 |       ||     4
  Eat: Chunk             |     1 |    16 |     2 ||    19
       Ration            |       |     1 |       ||     1
Armor: Robe              |     1 |     5 |       ||     6
Dodge: Dodged            |    13 |    29 |       ||    42

Table legend:
 A = Non-vault XP
 B = Vault XP
 C = Vault XP percentage of total XP
 D = Non-vault monster count
 E = Vault monster count
 F = Vault count percentage of total count
                 A         B        C        D         E       F
            +---------+---------+-------+---------+---------+-------
      Total |     718 |     458 |  38.9 |      95 |      21 |  18.1
            +---------+---------+-------+---------+---------+-------
        D:1 |      25 |       0 |   0.0 |      15 |       0 |   0.0
        D:2 |      92 |     128 |  58.2 |      30 |      17 |  36.2
        D:3 |     212 |      39 |  15.5 |      21 |       1 |   4.5
        D:4 |     275 |     291 |  51.4 |      24 |       3 |  11.1
        D:5 |     114 |       0 |   0.0 |       5 |       0 |   0.0
            +---------+---------+-------+---------+---------+-------
